 Dungeon Crawl Stone Soup version 0.29-a0-648-g6b26cc9f40 (webtiles) character file.

Game seed: 17251884513005077625

1117 xian the Slasher (level 8, 0/100 (103) HPs)
             Began as a Black Draconian Fighter on June 20, 2022.
             Slain by a wight
             ... wielding a +4 halberd
              (12 damage)
             ... on level 4 of the Dungeon.
             The game lasted 00:16:01 (5186 turns).

xian the Slasher (Black Draconian Fighter)          Turns: 5186, Time: 00:16:02

HP:   0/100 (103)   AC: 24    Str: 26    XL:     8   Next: 12%
MP:   8/8           EV:  2    Int:  8    God:
Gold: 188           SH:  4    Dex:  8    Spells: 7/7 levels left

rFire   . . .      SeeInvis .   o - +4 dagger (elec)
rCold   . . .      Faith    .   b - +0 buckler
rNeg    . . .      Spirit   .   (body armour unavailable)
rPois   +          Reflect  .   (helmet currently unavailable)
rElec   .          Harm     .   (cloak currently unavailable)
rCorr   .          Rampage  .   (gloves currently unavailable)
Will    .....      NoTele   +   (boots currently unavailable)
Stlth   ++........              (no amulet)
HPRegen 0.26/turn               e - +6 ring of strength
MPRegen 0.11/turn               (no ring)

@: short of breath, tree-form, studying Stealth, lightly drained
A: stationary, stasis, torment immunity, boosted hp, (breathe lightning), AC +6,
unfitting armour, (electricity resistance), (cold-blooded), clumsy 1, weak 1
a: no special abilities


You were on level 4 of the Dungeon.
You were a tree.
You visited 1 branch of the dungeon, and saw 4 of its levels.

You collected 188 gold pieces.

Inventory:

Hand Weapons
 a - a +0 long sword
 o - a +4 dagger of electrocution (weapon)
Missiles
 c - a throwing net (quivered)
 k - 5 boomerangs of dispersal
Armour
 b - a +0 buckler (worn)
Jewellery
 e - a +6 ring of strength (left branch)
Scrolls
 d - 2 scrolls of identify
 j - 3 scrolls of amnesia
 m - a scroll of brand weapon {unknown}
 n - a scroll of fog {unknown}
Potions
 f - a potion of might
 g - a potion of magic
 i - 3 potions of brilliance
 l - a potion of ambrosia


   Skills:
 + Level 5.5 Fighting
 + Level 1.3(4.1) Short Blades
 + Level 6.3 Long Blades
 + Level 0.5 Throwing
 + Level 4.7 Dodging
 + Level 3.0 Stealth
 + Level 4.3 Shields


You had 7 spell levels left.
You didn't know any spells.
Your spell library contained the following spells:

 Spells                   Type           Power      Damage    Failure   Level
 Poisonous Vapours        Pois/Air       0%         N/A       63%         2
 Corpse Rot               Necr/Pois/Air  0%         N/A       99%         4


Dungeon Overview and Level Annotations

Branches:
Dungeon (4/15)
 Temple: D:4-7

Altars:
Okawaru

Annotations:
D:3 3 runed translucent doors, Phlounder's ghost, amateur GrFi; superpeng's ghost, amateur MiFi


Innate Abilities, Weirdness & Mutations

You are a tree.
Your roots penetrate the ground, keeping you stationary.
You cannot be teleported.
You are immune to unholy pain and torment.
Your maximum health is greatly increased.
Your equipment is partially melded.
((You can breathe wild blasts of lightning.))
((Your glossy black scales are hard. (AC +6)))
You cannot fit into any form of body armour.
((You are resistant to electric shocks. (rElec)))
((You are cold-blooded and may be slowed by cold attacks.))
You are clumsy. (Dex -2)
You are weak. (Str -2)


Message History

Throw: 4 darts (poison)
Press: ? - help, Q - select action, (/) - cycle Shift-Dir - straight line, f - wight
Aim: a wight, wielding a +0 trident, wearing a +0 robe and quivering boomerangs (56% to hit)
You throw a poisoned dart. The poisoned dart hits the wight.
The wight throws a boomerang.
The boomerang hits you.
* * * LOW HITPOINT WARNING * * *
You block the wight's attack.
Unknown command.
Throw: 3 darts (poison)
Press: ? - help, Q - select action, (/) - cycle Shift-Dir - straight line, f/p - wight
Aim: a wight, wielding a +0 trident, wearing a +0 robe and quivering boomerangs (56% to hit)
You throw a poisoned dart.
The poisoned dart barely misses the wight.
The wight throws a boomerang.
The boomerang hits you.
* * * LOW HITPOINT WARNING * * *
The wight hits you from afar with a +4 halberd.
* * * LOW HITPOINT WARNING * * *
Unknown command.
Throw: 2 darts (poison)
Press: ? - help, Q - select action, (/) - cycle Shift-Dir - straight line, f/p - wight
Aim: a wight, wielding a +0 trident, wearing a +0 robe and quivering boomerangs (56% to hit)
You throw a poisoned dart. The poisoned dart hits the wight.
The wight barely misses you.
The wight throws a boomerang.
You block the boomerang.
Throw: dart (poison)
Press: ? - help, Q - select action, (/) - cycle Shift-Dir - straight line, f/p - wight
Aim: a wight, wielding a +0 trident, wearing a +0 robe and quivering boomerangs (56% to hit)
You throw a poisoned dart. The poisoned dart hits the wight.
The wight throws a boomerang.
The boomerang hits you but does no damage.
The wight hits you but does no damage.
Throw: 6 boomerangs (disperse)
Press: ? - help, Q - select action, (/) - cycle Shift-Dir - straight line, f/p - wight
Aim: a wight, wielding a +0 trident, wearing a +0 robe and quivering boomerangs (56% to hit)
You throw a boomerang of dispersal.
The boomerang of dispersal barely misses the wight.
The wight throws a boomerang.
The boomerang hits you but does no damage.
The wight hits you from afar with a +4 halberd!
You die...

........###...###^.#...#
...###...##...##..###..#
... .........#...# ####
.. ............##
...........##
...........#
........#### ......z.##
.(....z)♣# ....###.##
##. #.# # ###


You could see 2 wights.

Vanquished Creatures
  Grinder (D:3)
  A black bear (D:4)
  3 ogres (D:4)
  A phantom (D:4)
  A scorpion (D:3)
  A wight (D:4)
  2 hounds (D:4)
  An orc priest (D:3)
  Natasha (thrice) (D:3)
  3 gnolls (D:4)
  8 adders
  An ufetubus (D:4)
  4 worms
  5 dart slugs
  9 orcs
  12 ball pythons
  3 bats
  8 endoplasms
  2 giant cockroaches
  4 goblins
  7 hobgoblins
  3 jackals
  6 kobolds
  2 quokkas
  13 frilled lizards (D:1)
  2 rats
  A spectral kobold (D:3)
107 creatures vanquished.

Vanquished Creatures (others)
  4 plants (D:1)
  6 withered plants (D:3)
10 creatures vanquished.

Grand Total: 117 creatures vanquished

Notes
Turn   | Place    | Note
-------+----------+-------------------------------------------
     0 | D:1      | xian the Draconian Fighter began the quest for the Orb.
     0 | D:1      | Reached XP level 1. HP: 19/19 MP: 1/1
    97 | D:1      | Reached XP level 2. HP: 19/26 MP: 2/2
   735 | D:1      | Reached XP level 3. HP: 31/31 MP: 3/3
  1250 | D:1      | HP: 1/31 [jackal (2)]
  2065 | D:2      | Reached XP level 4. HP: 40/40 MP: 4/4
  2287 | D:2      | Reached skill level 3 in Long Blades
  2751 | D:3      | Noticed a scorpion
  2757 | D:3      | Killed a scorpion
  2758 | D:3      | Reached XP level 5. HP: 46/46 MP: 5/5
  2845 | D:3      | Found an iron altar of Okawaru.
  2997 | D:3      | Noticed Grinder
  3019 | D:3      | Paralysed by Grinder for 4 turns
  3031 | D:3      | Killed Grinder
  3032 | D:3      | Reached skill level 4 in Long Blades
  3032 | D:3      | Reached skill level 1 in Stealth
  3032 | D:3      | Reached XP level 6. HP: 53/53 MP: 6/6
  3057 | D:3      | Reached skill level 5 in Long Blades
  3253 | D:3      | Noticed Natasha
  3263 | D:3      | Killed Natasha
  3293 | D:3      | Found a faded altar of an unknown god.
  3345 | D:3      | Found a runed translucent gate.
  3346 | D:3      | Found a runed translucent gate.
  3346 | D:3      | Found a runed translucent gate.
  3356 | D:3      | Noticed superpeng's ghost (amateur MiFi)
  3357 | D:3      | Noticed Phlounder's ghost (amateur GrFi)
  3428 | D:3      | Noticed Natasha
  3459 | D:3      | HP: 1/53 [something/magic dart (8)]
  3460 | D:3      | Killed Natasha
  3509 | D:3      | Noticed Natasha
  3858 | D:3      | Killed Natasha
  4246 | D:4      | Your scales start taking on a glossy black colour.
  4246 | D:4      | Reached XP level 7. HP: 52/60 MP: 7/7
  4246 | D:4      | Gained mutation: You are resistant to electric shocks.
                  | (rElec) [Black Draconian growth]
  4481 | D:4      | HP: 1/60 [poisoned by a scorpion]
  4826 | D:4      | Reached skill level 5 in Fighting
  4832 | D:4      | Reached skill level 6 in Long Blades
  4867 | D:4      | Reached skill level 1 in Short Blades
  5171 | D:4      | Reached XP level 8. HP: 69/69 MP: 8/8
  5178 | D:4      | Gained mutation: You are clumsy. (Dex -2) [potion of
                  | mutation]
  5178 | D:4      | Gained mutation: You are weak. (Str -2) [potion of
                  | mutation]
  5186 | D:4      | Slain by a wight

Illustrated notes

Levels and vault maps discovered:
D:1:      lightli_arrival_statue_moat, layout_basic, minmay_lizard_king
D:2:      layout_basic
D:3:      layout_basic, mainiacjoe_overflow_concentric_impassable,
          gammafunk_ghost_cemetery, dreamdust_ecumenical_altar_drowned_temple,
          kennysheep_big_empty_room, chequers_serial_rivers_room_a,
          kennysheep_generic_room_6, uniq_grinder, uniq_natasha
D:4:      minmay_recursive_quarters, layout_cave_pools,
          mainiacjoe_overflow_alcove_2

Skill      XL: |  1  2  3  4  5  6  7  8 |
---------------+-------------------------+-----
Dodging        | 3 4 |  4.7
Long Blades    | 3 4 5 6 |  6.3
Fighting       | 4 5 |  5.5
Stealth        | 1 2 3 |  3.0
Shields        | 4 |  4.3
Short Blades   | 1 |  1.3
Throwing       | |  0.5

Action                   |  1- 3 |  4- 6 |  7- 9 || total
-------------------------+-------+-------+-------++-------
Melee: Long sword        |   166 |   120 |    62 ||   348
       Tailslap          |    12 |    12 |    12 ||    36
       Dagger            |       |       |    32 ||    32
Throw: Dart              |       |     4 |     4 ||     8
       Boomerang         |       |       |     1 ||     1
 Abil: Breathe Lightning |       |       |     8 ||     8
  Use: Scroll            |     5 |     5 |     2 ||    12
       Potion            |       |     3 |     3 ||     6
 Stab: Sleeping          |       |     1 |       ||     1
Armor: Skin              |    60 |    28 |    36 ||   124
Dodge: Dodged            |   160 |    70 |    82 ||   312
Block: Buckler           |    58 |    20 |    31 ||   109

Table legend: (Time is in decaauts)
 A = Elapsed time spent in this place.
 B = Non-inter-level travel time spent in this place.
 C = Inter-level travel time spent in this place.
 D = Time resting spent in this place.
 E = Time spent auto-exploring this place.
 F = Levels seen in this place.
 G = Mean time per level.
                   A        B        C        D        E       F      G
               +--------+--------+--------+--------+--------+-----+--------+
         Total |   5283 |   5219 |     64 |    998 |   2625 |   4 | 1320.8 |
       Dungeon |   5283 |   5219 |     64 |    998 |   2625 |   4 | 1320.8 |
               +--------+--------+--------+--------+--------+-----+--------+

Top non-repeatable levels by time:
     D:1: 1572 daAuts
     D:3: 1398 daAuts
     D:4: 1162 daAuts
     D:2: 1150 daAuts
